AoeStats
← Schantiiniiii

African Clearing

505942199Analyzed
3v3 RM · 19d ago on Sep 11, 2026· 48m 24s· 6 players
Game mode
Random Map
Map size
Normal (6 player)
Population
200
Speed
Normal
Resources
Standard
Victory
Conquest
Starting age
Dark Age
Ending age
Imperial Age
RankedLock teamsTeams togetherTeam positionsShared explorationLock speedFull tech treeHidden civsTurbo modeCheats
Victory
Defeat
🇩🇪 Vietnamese · Germany
1693
+9
🇨🇭 Berbers · Switzerland
1670
+10
🇫🇷 Koreans · France
1572
+13
🇹🇷 Persians · Türkiye
1619
-15
🇹🇷 Berbers · Türkiye
1518
-10
🇹🇷 Mongols · Türkiye
1428
-7
Bzm_JöNTüRK
3:22 Loom
13:32 Feudal Age
16:04 Scale Barding Armor
21:05 Fletching
27:22 Castle Age
25:32 Padded Archer Armor
25:42 Double-Bit Axe
25:51 Horse Collar
27:22 Bloodlines
27:18 Gold Mining
28:18 Wheelbarrow
28:17 Bodkin Arrow
28:24 Husbandry
31:28 Leather Archer Armor
40:12 Imperial Age
41:31 Conscription
42:02 Bracer
WarPrince
12:59 Feudal Age
16:33 Castle Age
14:40 Double-Bit Axe
15:18 Horse Collar
17:57 Bow Saw
18:24 Loom
22:24 Wheelbarrow
26:38 Hand Cart
29:19 Gold Mining
32:40 Imperial Age
30:22 Scale Barding Armor
30:28 Forging
30:54 Gold Shaft Mining
30:09 Stone Mining
30:20 Heavy Plow
30:16 Town Watch
31:45 Chain Barding Armor
32:31 Stone Shaft Mining
33:02 Iron Casting
33:37 Plate Barding Armor
32:42 Elite War Elephant
34:27 Conscription
36:36 Blast Furnace
36:24 Husbandry
36:35 Bloodlines
36:39 Fletching
38:00 Bodkin Arrow
40:45 Kamandaran
41:11 Padded Archer Armor
41:37 Crossbowman
42:24 Thumb Ring
43:26 Hoardings
43:58 Leather Archer Armor
45:19 Ring Archer Armor
46:11 Chemistry
46:03 Ballistics
47:33 Guilds
Bzm_Castle
2:50 Loom
13:34 Feudal Age
18:03 Castle Age
18:20 Double-Bit Axe
18:16 Horse Collar
18:45 Scale Barding Armor
19:43 Bloodlines
36:23 Wheelbarrow
36:45 Kasbah
37:02 Fletching
38:12 Padded Archer Armor
40:04 Husbandry
40:33 Bodkin Arrow
41:55 Leather Archer Armor
43:15 Ballistics
Schantiiniiii
5:48 Loom
12:42 Feudal Age
16:28 Castle Age
14:52 Double-Bit Axe
17:40 Bow Saw
17:46 Fletching
19:18 Bodkin Arrow
25:13 Ballistics
27:53 Husbandry
27:52 Horse Collar
29:42 Town Watch
30:28 Bloodlines
31:13 Bow Saw
33:34 Wheelbarrow
35:16 Stone Mining
35:19 Gold Mining
35:31 Heavy Plow
35:48 Hand Cart
39:23 Imperial Age
37:41 Gold Shaft Mining
37:26 Padded Archer Armor
37:53 Kasbah
37:40 Treadmill Crane
38:09 Thumb Ring
39:21 Stone Shaft Mining
39:17 Leather Archer Armor
39:23 Elite Camel Archer
40:06 Bracer
40:38 Ring Archer Armor
41:15 Conscription
42:44 Chemistry
41:56 Scale Barding Armor
42:01 Forging
43:12 Siege Engineers
42:29 Light Cavalry
43:31 Hussar
44:51 Masonry
45:03 Chain Barding Armor
45:18 Iron Casting
46:45 Heavy Camel Rider
{ BP } Käpt`n Iglo
10:51 Loom
13:06 Feudal Age
13:44 Double-Bit Axe
13:43 Fishing Lines
17:54 Castle Age
18:49 Bow Saw
18:31 Gillnets
20:07 Wheelbarrow
20:37 Wheelbarrow
21:45 Town Watch
23:09 Scale Mail Armor
24:01 Horse Collar
25:43 Squires
27:20 Squires
28:17 Arson
32:11 Gold Mining
32:23 Heavy Plow
35:33 Imperial Age
33:50 Chain Mail Armor
33:45 Forging
34:58 Hand Cart
35:37 Elite Fire Lancer
37:56 Plate Mail Armor
39:39 Iron Casting
39:44 Capped Ram
40:09 Treadmill Crane
41:24 Pikeman
44:14 Stone Mining
44:55 Crop Rotation
45:18 Stone Shaft Mining
46:07 Halberdier
47:47 Fletching
twitch.tv/gliedi69
4:48 Loom
12:00 Feudal Age
12:34 Double-Bit Axe
14:54 Fletching
18:05 Horse Collar
23:25 Castle Age
26:49 Bodkin Arrow
28:11 Bow Saw
32:28 Pikeman
33:09 Squires
32:54 Arson
34:00 Elite Skirmisher
37:30 Wheelbarrow
37:37 Gold Mining
43:33 Imperial Age
44:24 Scale Mail Armor
44:34 Forging
45:11 Halberdier
Connection lost

Rejoining the realm…

Still unreachable

The connection could not be restored.

Session expired

The server has moved on; the page needs a fresh start.